 Dungeon Crawl Stone Soup version 0.23.0-33-g5e6c059fef (webtiles) character file.

Game seed: 9290100157045045651

391177 MirrMurr the Imperceptible (level 22, -10/123 HPs)
             Began as a Spriggan Enchanter on Feb 8, 2019.
             Was the Champion of Wu Jian.
             Mangled by a white very ugly thing (41 damage)
             ... on level 3 of the Depths on Feb 26, 2019.
             The game lasted 04:55:44 (90413 turns).

MirrMurr the Imperceptible (Spriggan Enchanter)    Turns: 90413, Time: 04:55:45

Health: -10/123    AC: 23    Str: 10    XL:     22   Next: 9%
Magic:  38/39      EV: 36    Int: 19    God:    Wu Jian [******]
Gold:   4011       SH: 10    Dex: 18    Spells: 20/45 levels left

rFire    + . .     SeeInvis +   a - +4 quick blade (elec)
rCold    . . .     Gourm    .   P - +0 buckler {AC+3}
rNeg     . . .     Faith    .   A - +3 steam dragon scales
rPois    .         Spirit   .   J - +2 hat {SInv}
rElec    .         Reflect  +   x - +2 cloak
rCorr    .         Harm     .   (gloves unavailable)
MR       +++..                  (boots unavailable)
Stlth    +++++++++.             N - +2 amulet of reflection
HPRegen  0.30/turn              T - ring of protection from fire
MPRegen  0.26/turn              q - +5 ring of protection

@: confusing touch, very quick
A: very small, unfitting armour, see invisible, herbivore, speed 3, slow
metabolism 2
}: 2/15 runes: serpentine, barnacled
a: Wall Jump, Serpent's Lash, Heavenly Storm, Renounce Religion


You were on level 3 of the Depths.
You worshipped Wu Jian.
Wu Jian was exalted by your worship.
You were not hungry.

You visited 8 branches of the dungeon, and saw 39 of its levels.
You also visited: Trove.

You collected 5263 gold pieces.
You spent 1252 gold pieces at shops.

Inventory:

Hand Weapons
 a - a +4 quick blade of electrocution (weapon)
 b - the +6 fustibalus "Kuvaq" {venom, rPois rF+++ MR- Int+3}
   (You found it on level 2 of the Depths)

   It poisons the ammo it fires.
   It affects your intelligence (+3).
   It renders you almost immune to fire.
   It protects you from poison.
   It affects your resistance to hostile enchantments.
 f - a +1 rapier of electrocution
 w - a +8 rapier of venom
 W - a +5 dagger of venom
Missiles
 d - 9 throwing nets {!f}
 g - 22 tomahawks of returning (quivered)
 h - 282 sling bullets
 B - 1223 stones
Armour
 x - a +2 cloak (worn)
 A - +3 steam dragon scales (worn)
 J - a +2 hat of see invisible (worn)
 P - a +0 buckler of protection (worn)
Jewellery
 q - a +5 ring of protection (right hand)
 D - an uncursed ring of poison resistance
 I - an uncursed ring of resist corrosion
 N - a +2 amulet of reflection (around neck)
 R - an uncursed ring of protection from cold
 T - a ring of protection from fire (left hand)
Wands
 m - a wand of clouds (3)
 y - a wand of paralysis (35)
 C - a wand of acid (4)
 K - a wand of iceblast (26)
 Z - a wand of digging (8)
Scrolls
 i - 7 scrolls of identify
 j - a scroll of silence
 p - 9 scrolls of fear
 r - 18 scrolls of remove curse
 s - 7 scrolls of fog
 u - 5 scrolls of immolation
 G - 12 scrolls of teleportation
 M - 4 scrolls of blinking
 O - 7 scrolls of magic mapping
 Q - 4 scrolls of summoning
 U - 3 scrolls of vulnerability
Potions
 e - 2 potions of agility
 k - 4 potions of brilliance
 l - 8 potions of flight
 n - 5 potions of heal wounds
 t - 7 potions of might
 v - 15 potions of curing
 z - 2 potions of invisibility
 F - 3 potions of mutation
 H - 5 potions of ambrosia
 L - 5 potions of haste
 S - a potion of magic
 X - 5 potions of cancellation
 Y - 4 potions of lignification
Miscellaneous
 o - a lamp of fire
 E - 2 phantom mirrors
Comestibles
 c - 25 rations


   Skills:
 * Level 15.4 Fighting
 + Level 13.3 Short Blades
 - Level 12.0 Slings
 + Level 10.1 Armour
 + Level 21.4 Dodging
 + Level 25.6 Stealth
 - Level 7.2 Shields
 - Level 12.0 Spellcasting
 - Level 3.0 Conjurations
 - Level 13.6 Hexes
 * Level 6.1 Summonings
 - Level 5.0 Translocations
 - Level 3.0 Ice Magic
 + Level 5.3 Air Magic
 - Level 2.7 Evocations


You had 20 spell levels left.
You knew the following spells:

 Your Spells              Type           Power        Failure   Level  Hunger
a - Ensorcelled Hibernat  Hex/Ice        #####.       1%          2    None
b - Confuse               Hex            ######..     1%          3    None
c - Tukima's Dance        Hex            ######..     1%          3    None
d - Dazzling Spray        Conj/Hex       #####.       1%          3    None
e - Summon Lightning Spi  Summ/Air       ####....     6%          4    ##.....
f - Silence               Hex/Air        #####.....   3%          5    ####...
m - Confusing Touch       Hex            ######       1%          1    None
p - Passwall              Tmut/Erth      ##......     9%          2    None
B - Blink                 Tloc           N/A          1%          2    None

Your spell library contained the following spells:

 Spells                   Type           Power        Failure   Level  Hunger
 Corona                   Hex            ######.      1%          1    None
 Magic Dart               Conj           ###.         1%          1    None
 Call Imp                 Summ           ####....     1%          2    None
 Slow                     Hex            ######..     1%          2    None
 Inner Flame              Hex/Fire       #####...     1%          3    None
 Gell's Gravitas          Tloc           ####......   2%          3    None
 Flame Tongue             Conj/Fire      ###..        3%          1    None
 Leda's Liquefaction      Hex/Erth       #####.....   3%          4    ##.....
 Throw Flame              Conj/Fire      ###...       4%          2    None
 Metabolic Englaciation   Hex/Ice        #####.....   5%          5    ####...
 Beastly Appendage        Tmut           ##....       6%          1    None
 Sandblast                Erth           ##....       6%          1    None
 Mephitic Cloud           Conj/Pois/Air  ###.....     6%          3    None
 Sticks to Snakes         Tmut           ##......     9%          2    None
 Conjure Flame            Conj/Fire      ###.....     10%         3    None
 Stone Arrow              Conj/Erth      ###...       10%         3    None
 Yara's Violent Unravell  Hex/Tmut       #####.....   11%         5    ####...
 Ignite Poison            Fire/Tmut/Pois ##......     19%         3    None
 Spider Form              Tmut/Pois      ##........   19%         3    None
 Ice Form                 Ice/Tmut       ###.....     32%         4    ##.....
 Sticky Flame             Conj/Fire      ###.....     32%         4    ##.....
 Petrify                  Tmut/Erth      ##......     52%         4    ##.....
 Fireball                 Conj/Fire      ###.......   65%         5    ####...
 Bolt of Magma            Conj/Fire/Erth ###.......   73%         5    ####...
 Blade Hands              Tmut           ##........   86%         5    ####...
 Lee's Rapid Deconstruct  Erth           ##........   86%         5    ####...
 Conjure Ball Lightning   Conj/Air       ####......   86%         6    ######.
 Freezing Cloud           Conj/Ice/Air   ####......   89%         6    ######.
 Bolt of Cold             Conj/Ice       ###.......   95%         6    ######.
 Ozocubu's Refrigeration  Ice            ###.......   95%         6    ######.
 Deflect Missiles         Chrm/Air       ###.......   97%         6    ######.
 Bolt of Fire             Conj/Fire      ###.......   99%         6    ######.
 Iron Shot                Conj/Erth      ###.......   99%         6    ######.
 Simulacrum               Ice/Necr       ###.......   99%         6    ######.
 Statue Form              Tmut/Erth      ##.......    100%        6    ######.
 Ring of Flames           Chrm/Fire      ##........   100%        7    #######
 Ignition                 Fire           ##........   100%        8    #######
 Shatter                  Erth           ##........   100%        9    #######
 Tornado                  Air            ####......   100%        9    #######


Dungeon Overview and Level Annotations

Branches:
Dungeon (15/15)            Temple (1/1) D:5            Lair (6/6) D:8
 Shoals (4/4) Lair:4        Snake (4/4) Lair:2        Slime (0/5) Lair:6
    Orc (2/2) D:10            Elf (0/3) Orc:2        Vaults (4/5) D:13
  Crypt (0/3) Vaults:3     Depths (3/5) D:15

Altars:
Ashenzari
Cheibriados
Dithmenos
Elyvilon
Fedhas
Gozag
Hepliaklqana
Kikubaaqudgha
Makhleb
Nemelex Xobeh
Okawaru
Qazlal
Ru
Sif Muna
Trog
Uskayaw
Vehumet
Wu Jian
Xom
Yredelemnul
Zin
The Shining One
Beogh

Shops:
D:4 %   D:11 *[   D:12 [   D:13 [   Orc:2 !*=*   Vaults:1 [   Depths:1 =*!?
Depths:3 (

Portals:
Hell: Depths:1 Depths:3
Abyss: Depths:1
Ziggurat: Depths:1

Annotations:
Lair:1 2 transporters, Ramireus's ghost, journeyman GnWn
Shoals:1 exclusion: kraken
Shoals:4 1 runed translucent door, Fliddo's ghost, adept DDFi
Depths:1 exclusion: orange crystal statue
Depths:2 1 runed translucent door
Depths:3 exclusion: door


Innate Abilities, Weirdness & Mutations

You are very small and have problems with some larger weapons.
You are too small for most types of armour.
You have supernaturally acute eyesight. (SInv)
You are a herbivore.
You cover ground extremely quickly.
You need to consume almost no food.


Message History

You see here a very ugly thing corpse.
Casting: Confusing Touch (safe; 1% risk of failure)
Confirm with . or Enter, or press ? or * to list all spells.
Your hands begin to glow red.
You hit the white very ugly thing but do no damage.
The white very ugly thing stings you.
The white very ugly thing freezes you!!!
You are too injured to fight recklessly!
You are too injured to fight recklessly!
You are too injured to fight recklessly!
You are too injured to fight recklessly!
You are too injured to fight recklessly!
You hit the white very ugly thing but do no damage.
You barely miss the white very ugly thing.
You hit the white very ugly thing but do no damage.
You barely miss the white very ugly thing.
The white very ugly thing stings you!
* * * LOW HITPOINT WARNING * * *
The white very ugly thing freezes you!!!
You die...

#..##'.....'##.......#.##'###...
#.#...#####...#.#....#.#....#..#
#......#?..#..........#['.[..'...
##.#...#...#..........#.#....#...
#.....#...#^#...##...#.#....###'
#.#...##'##...#.....#####'####).
#..##'.....'##......#(#.....####
#..#)#.#...#.#.>...^#.#.....#.#
.. #.....###.@#...#.'.÷#⌠.'.#
...#...#...#u#...#.#.....#(#
..................#(#.....####
#.####.######.##..######'####. ..
.....)..#†# ....#.#....### ####
#..#)##.##.#.#....#..
#.?........#.'....'..
#.....###..#)#....#.. #.....#
####)###..


You could see a white very ugly thing.

Vanquished Creatures
  Sojobo (Vaults:2)
  Frederick (Vaults:3)
  A caustic shrike (Depths:3)
  A golden dragon (Depths:3)
  A tentacled monstrosity (Depths:2)
  Gastronok (Lair:2)
  3 sphinxes (Depths:3)
  2 storm dragons
  4 tengu reavers
  A shadow dragon (Depths:3)
  8 nagarajas
  10 frost giants
  10 fire giants
  Louise (Shoals:3)
  6 vault wardens
  9 ironheart preservers
  17 stone giants
  2 spriggan defenders (Depths:3)
  15 very ugly things
  An entropy weaver (Vaults:2)
  4 vampire knights
  A deep elf demonologist (Vaults:3)
  7 dire elephants (Lair:6)
  A spark wasp (Depths:3)
  A spark wasp (shapeshifter) (Vaults:4)
  4 merfolk javelineers
  11 ettins
  A crystal guardian (Vaults:3)
  The ghost of tidbits the Martial Artist, a journeyman GnTm of Cheibriados (Lair:6)
  A deep elf death mage (Vaults:3)
  3 yaktaur captains
  The ghost of Ypehuijo the Spear-Bearer, a journeyman OpFi of Gozag (Lair:5)
  Josephine (D:14)
  6 merfolk impalers
  12 fire dragons
  20 naga warriors
  4 great orbs of eyes
  6 ice dragons
  6 vault guards (Vaults:2)
  16 ogre magi
  6 rakshasas
  6 centaur warriors
  5 merfolk avatars
  8 merfolk aquamancers
  An alligator snapping turtle (Shoals:4)
  6 hydras
  3 spriggan air magi
  9 anacondas
  3 death knights
  39 two-headed ogres
  4 tengu warriors
  7 deep troll shamans
  A vampire mage (Depths:2)
  A satyr (Shoals:3)
  10 deep troll earth magi
  2 shock serpents
  17 naga sharpshooters
  9 orc high priests (Orc:2)
  7 death yaks
  7 spriggan berserkers
  Urug (Lair:2)
  A hell knight (Depths:3)
  A deep elf knight (Vaults:4)
  2 salamander mystics
  A skeletal warrior (D:14)
  11 sea snakes
  A shadow wraith (Vaults:3)
  11 deep trolls
  3 unseen horrors
  10 naga ritualists
  A flayed ghost (Depths:1)
  2 wizards
  A deep elf archer (Vaults:3)
  12 ironbrand convokers
  3 deep elf magi
  6 phantasmal warriors
  Pikel (D:7)
  8 harpies
  A harpy (shapeshifter) (Depths:3)
  8 mana vipers
  11 orc knights
  8 wolf spiders
  An oklob plant (Lair:4)
  44 ugly things
  2 necromancers
  17 cyclopes
  16 fauns
  18 manticores
  A salamander (shapeshifter) (D:13)
  A moth of wrath (Lair:5)
  11 salamanders
  11 merfolk sirens
  12 elephants (Lair:6)
  36 black mambas
  7 guardian serpents
  4 water nymphs
  7 vault sentinels
  29 naga magi
  4 rime drakes
  2 kobold demonologists
  An efreet (D:15)
  11 spiny frogs
  2 komodo dragons (shapeshifter) (Vaults:1)
  A freezing wraith (D:13)
  3 komodo dragons
  25 yaktaurs
  A redback zombie (D:13)
  A yaktaur skeleton (Vaults:1)
  2 queen bees (shapeshifter)
  11 trolls
  2 tengu conjurers
  3 meliai (D:15)
  23 merfolk
  A merfolk (shapeshifter) (Depths:3)
  2 polar bears (Lair:6)
  A queen bee (Depths:2)
  7 wind drakes
  7 hornets
  34 slime creatures
  15 blink frogs
  2 dream sheep (shapeshifter) (Depths:3)
  10 hippogriffs
  4 dream sheep
  7 snapping turtles
  3 vampires (Vaults:3)
  9 spriggans
  30 water elementals
  A redback (shapeshifter) (D:15)
  3 redbacks (Vaults:2)
  8 wraiths
  4 wyverns
  Eustachio (D:4)
  A golden eye (shapeshifter) (Vaults:3)
  42 yaks
  2 steam dragons (D:8)
  2 vampire mosquitoes (D:15)
  5 basilisks
  4 hungry ghosts
  Edmund (D:5)
  57 nagas
  A soldier ant (D:15)
  4 acid dragons
  13 wargs
  A soldier ant (shapeshifter) (Depths:3)
  16 water moccasins
  A floating eye (Depths:3)
  12 porcupines
  5 sky beasts
  Duvessa (D:5)
  3 ice beasts
  33 orc warriors
  2 black bears
  2 necrophages
  2 phantoms
  47 ogres
  6 boggarts (Depths:2)
  An eye of draining (D:11)
  2 human zombies (Vaults:1)
  15 centaurs
  A wolf (shapeshifter) (Depths:3)
  18 crocodiles
  2 elf simulacra
  2 big kobolds
  13 bullfrogs
  2 gnoll sergeants
  Blork the orc (D:4)
  4 earth elementals (D:14)
  Dowan (D:5)
  A wyvern zombie (D:12)
  A wyvern skeleton (D:14)
  5 scorpions
  A scorpion (shapeshifter) (Depths:3)
  39 killer bees
  5 wights (D:12)
  2 electric eels (D:14)
  2 howler monkeys (D:10)
  8 crimson imps
  2 bullfrog zombies
  10 jellies
  7 centaur zombies
  8 centaur skeletons
  27 orc wizards
  11 hounds
  44 orc priests
  Crazy Yiuf (D:6)
  A bullfrog skeleton (D:8)
  A gnoll shaman (D:4)
  8 iguanas
  12 worker ants
  A hell rat (D:8)
  A hound skeleton (D:9)
  A howler monkey zombie (D:6)
  A worker ant zombie (D:11)
  22 adders
  13 gnolls
  2 shadow imps
  21 oozes
  An adder zombie (D:6)
  2 adder skeletons
  6 worms
  2 dart slugs
  7 leopard geckos
  125 orcs
  2 ball pythons
  2 giant cockroaches
  15 goblins
  10 hobgoblins
  5 jackals
  14 kobolds
  5 quokkas
  10 bats
  8 frilled lizards
  3 jackal skeletons
  A leopard gecko skeleton (D:5)
  A quokka skeleton (D:9)
  7 rats
  2 plants (Lair:6)
1726 creatures vanquished.

Vanquished Creatures (collateral kills)
  2 orcs (D:10)
2 creatures vanquished.

Vanquished Creatures (others)
  A faun (Shoals:3)
  2 yaktaurs
  6 dancing weapons
  3 slaves (D:7)
  An ogre (D:15)
  2 centaurs (D:14)
  An orc wizard (D:7)
  An orc (D:7)
  12 fungi
  16 plants
45 creatures vanquished.

Grand Total: 1773 creatures vanquished

Notes
Turn   | Place    | Note
-------+----------+-------------------------------------------
     0 | D:1      | MirrMurr the Spriggan Enchanter began the quest for the
                  | Orb.
     0 | D:1      | Reached XP level 1. HP: 9/9 MP: 5/5
   501 | D:1      | Reached XP level 2. HP: 10/13 MP: 6/6
   505 | D:1      | Learned a level 2 spell: Ensorcelled Hibernation
   624 | D:1      | Reached skill level 5 in Stealth
  1988 | D:1      | Reached XP level 3. HP: 16/16 MP: 8/8
  1993 | D:1      | Learned a level 3 spell: Confuse
  2798 | D:2      | Reached skill level 6 in Stealth
  2837 | D:2      | Reached XP level 4. HP: 21/21 MP: 6/9
  2850 | D:2      | Learned a level 1 spell: Confusing Touch
  3332 | D:3      | Noticed a bullfrog
  3604 | D:2      | Killed a bullfrog
  3604 | D:2      | Reached skill level 1 in Shields
  3604 | D:2      | Reached XP level 5. HP: 17/24 MP: 10/10
  3926 | D:3      | Reached skill level 7 in Stealth
  4565 | D:3      | Reached XP level 6. HP: 6/28 MP: 8/11
  4806 | D:3      | Learned a level 3 spell: Tukima's Dance
  5430 | D:4      | Reached skill level 8 in Stealth
  5549 | D:4      | Noticed Eustachio
  5960 | D:4      | Killed Eustachio
  5960 | D:4      | Reached skill level 5 in Short Blades
  5960 | D:4      | Reached XP level 7. HP: 32/32 MP: 10/12
  6201 | D:4      | Found Eqaar's Food Shop.
  6229 | D:4      | Found a stormy altar of Qazlal.
  6698 | D:4      | Noticed Blork the orc
  6747 | D:4      | Reached skill level 5 in Hexes
  6762 | D:4      | Killed Blork the orc
  6849 | D:5      | Entered Level 5 of the Dungeon
  6854 | D:5      | Learned a level 3 spell: Dazzling Spray
  7040 | D:5      | Found a white marble altar of Elyvilon.
  7067 | D:5      | Reached XP level 8. HP: 26/36 MP: 13/15
  7083 | D:5      | Noticed Edmund
  7099 | D:5      | Killed Edmund
  7244 | D:5      | Found a staircase to the Ecumenical Temple.
  7250 | Temple   | Entered the Ecumenical Temple
  8056 | D:5      | Reached skill level 5 in Shields
  8257 | D:5      | Found a deep blue altar of Sif Muna.
  8283 | D:5      | Noticed Duvessa
  8285 | D:5      | Noticed Dowan
  8291 | D:5      | Killed Duvessa
  8291 | D:5      | Reached XP level 9. HP: 34/39 MP: 16/16
  8628 | D:5      | Killed Dowan
  9034 | D:5      | Found a white marble altar of Elyvilon.
  9042 | D:5      | Found a staircase to the Ecumenical Temple.
  9063 | D:5      | Found a deep blue altar of Sif Muna.
  9723 | D:6      | Found a runed translucent door.
  9724 | D:6      | Noticed Crazy Yiuf
  9731 | D:6      | Killed Crazy Yiuf
  9933 | D:6      | Reached skill level 1 in Fighting
 10893 | D:7      | Noticed Pikel
 10911 | D:6      | Reached skill level 5 in Dodging
 11309 | D:7      | Found a bloodstained altar of Trog.
 11311 | D:7      | Found a snail-covered altar of Cheibriados.
 11312 | D:7      | Found a shattered altar of Ashenzari.
 11312 | D:7      | Found an ornate altar of the Wu Jian Council.
 11312 | D:7      | Found an iron altar of Okawaru.
 11313 | D:7      | Found an opulent altar of Gozag.
 11313 | D:7      | Found a shimmering altar of Xom.
 11314 | D:7      | Found a sparkling altar of Nemelex Xobeh.
 11325 | D:7      | Became a worshipper of the Wu Jian Council
 11536 | D:7      | Killed Pikel
 12230 | D:7      | Reached XP level 10. HP: 49/49 MP: 10/17
 12764 | D:7      | Found a bloodstained altar of Trog.
 12766 | D:7      | Found a snail-covered altar of Cheibriados.
 12766 | D:7      | Found a shattered altar of Ashenzari.
 12779 | D:7      | Found an opulent altar of Gozag.
 12793 | D:7      | Found a sparkling altar of Nemelex Xobeh.
 12795 | D:7      | Found a shimmering altar of Xom.
 12796 | D:7      | Found an iron altar of Okawaru.
 12844 | D:7      | Found an ornate altar of the Wu Jian Council.
 13090 | D:8      | Reached * piety under Wu Jian
 13227 | D:8      | Noticed a green ugly thing
 13239 | D:8      | Killed a green ugly thing
 13324 | D:8      | Reached skill level 9 in Stealth
 13330 | D:8      | Found a staircase to the Lair.
 13330 | D:8      | Noticed a death yak
 13334 | D:8      | Killed a death yak
 13334 | D:8      | Noticed a death yak
 13337 | D:8      | Noticed a death yak
 13747 | D:8      | Found a deep blue altar of Sif Muna.
 14649 | D:9      | Reached skill level 10 in Dodging
 14756 | D:9      | Reached skill level 10 in Stealth
 15328 | D:10     | Entered Level 10 of the Dungeon
 15356 | D:10     | Got an encrusted hunting sling
 15369 | D:10     | Identified the +8 hunting sling of the Morning {velocity,
                  | *Corrode rElec rPois} (You found it on level 10 of the
                  | Dungeon)
 15647 | D:10     | Reached ** piety under Wu Jian
 15840 | D:10     | Reached XP level 11. HP: 46/52 MP: 16/18
 16167 | D:10     | Reached skill level 11 in Stealth
 16202 | D:10     | Found a staircase to the Orcish Mines.
 16664 | D:11     | Found Yrritt's Antique Armour Shoppe.
 16664 | D:11     | Noticed a two-headed ogre
 16664 | D:11     | Noticed a two-headed ogre
 16705 | D:11     | Killed a two-headed ogre
 16886 | D:11     | Found the +5 pair of quick blades "Gyre" and "Gimble"
                  | {pierce, Dex-3}
 16890 | D:11     | Reached *** piety under Wu Jian
 16951 | D:11     | Noticed a red ugly thing
 16955 | D:11     | Killed a red ugly thing
 16971 | D:11     | Found a large runed translucent door.
 16989 | D:11     | Found a large runed translucent door.
 16996 | D:11     | Noticed an unseen horror
 17093 | D:11     | Found a large runed translucent door.
 17093 | D:11     | Found a large runed translucent door.
 17137 | D:11     | Noticed a brown ugly thing
 17152 | D:11     | Killed a brown ugly thing
 17172 | D:11     | Reached skill level 5 in Spellcasting
 17625 | D:11     | Found Xianivume's Assorted Antiques.
 17664 | D:11     | Found a snail-covered altar of Cheibriados.
 17669 | D:11     | Noticed a two-headed ogre
 17675 | D:11     | Killed a two-headed ogre
 17675 | D:11     | Reached skill level 12 in Stealth
 17831 | D:11     | Killed a two-headed ogre
 18770 | D:8      | Found a staircase to the Lair.
 18882 | D:8      | Found a deep blue altar of Sif Muna.
 19013 | D:8      | Killed a death yak
 19025 | D:8      | Killed a death yak
 19025 | D:8      | Reached XP level 12. HP: 51/58 MP: 19/22
 19171 | Lair:1   | Entered Level 1 of the Lair of Beasts
 19171 | Lair:1   | Found a transporter.
 19172 | Lair:1   | Found a transporter.
 19353 | Lair:1   | Reached skill level 13 in Stealth
 19367 | Lair:1   | Reached **** piety under Wu Jian
 19838 | Lair:1   | Found a bloodstained altar of Trog.
 19838 | Lair:1   | Noticed Ramireus's ghost (journeyman GnWn)
 19847 | Lair:1   | Identified the cursed +1 trident "Zest" {flame, Dex+6}
 20040 | Lair:2   | Noticed Gastronok
 20094 | Lair:2   | Killed Gastronok
 20094 | Lair:2   | Reached skill level 5 in Fighting
 20260 | Lair:2   | Found a staircase to the Snake Pit.
 20329 | Lair:2   | Reached skill level 10 in Hexes
 20700 | Lair:2   | Reached skill level 14 in Stealth
 20871 | Lair:2   | Reached skill level 10 in Short Blades
 20954 | Lair:2   | Found a blossoming altar of Fedhas.
 21049 | Lair:2   | Noticed Urug
 21059 | Lair:2   | Killed Urug
 21127 | Lair:2   | Reached ***** piety under Wu Jian
 21574 | Lair:2   | Found a blossoming altar of Fedhas.
 21831 | Lair:2   | Found a staircase to the Snake Pit.
 22529 | Lair:3   | Reached skill level 15 in Stealth
 22529 | Lair:3   | Reached XP level 13. HP: 65/65 MP: 21/23
 24175 | Lair:4   | Found a staircase to the Shoals.
 24776 | Lair:4   | Reached skill level 16 in Stealth
 25175 | Lair:4   | Reached skill level 15 in Dodging
 25376 | Lair:5   | Reached skill level 1 in Slings
 25459 | Lair:5   | Found a blossoming altar of Fedhas.
 25778 | Lair:5   | Found a transporter.
 25784 | Lair:5   | Found a transporter.
 25835 | Lair:5   | Found a bloodstained altar of Trog.
 25835 | Lair:5   | Noticed Ypehuijo's ghost (journeyman OpFi)
 25846 | Lair:5   | Identified the +5 trident of the Magi {holy, rElec rN+
                  | Dex-3}
 25849 | Lair:5   | Identified the +8 spear of Resourcefulness {vamp, rC++}
 26001 | Lair:6   | Entered Level 6 of the Lair of Beasts
 26007 | Lair:6   | Found a white marble altar of Elyvilon.
 26082 | Lair:6   | Reached skill level 17 in Stealth
 26762 | Lair:6   | Found a staircase to the Slime Pits.
 26990 | Lair:6   | Reached XP level 14. HP: 52/73 MP: 22/24
 27106 | Lair:6   | Found a runed translucent door.
 27108 | Lair:6   | Noticed tidbits's ghost (journeyman GnTm)
 27290 | Lair:6   | Reached skill level 5 in Slings
 27984 | Lair:6   | Found a white marble altar of Elyvilon.
 28013 | Lair:6   | Found a staircase to the Slime Pits.
 28389 | Lair:6   | Found a runed translucent door.
 29629 | Lair:6   | Reached skill level 18 in Stealth
 30073 | Lair:6   | Got an ichor-stained hat
 30074 | Lair:6   | Identified the +0 hat of the Hidden Runes {+Inv +Fly Int+2}
                  | (You found it on level 6 of the Lair of Beasts)
 30076 | Lair:6   | Upgraded the game from 0.23-b1-86-gba62f8e092 to 0.23.0
 30381 | D:12     | Reached ****** piety under Wu Jian
 30836 | D:12     | Found Totzuwun's Antique Armour Shop.
 31019 | D:12     | Identified the +6 dagger of Dawn {pierce, rPois Str-5
                  | Int+3}
 31400 | D:13     | Found a gate to the Vaults.
 31895 | D:13     | Found Gomimur's Antique Armour Emporium.
 31902 | D:13     | Bought a runed cloak for 300 gold pieces
 32674 | D:14     | Reached skill level 19 in Stealth
 32785 | D:14     | Noticed Josephine
 32792 | D:14     | Killed Josephine
 32792 | D:14     | Reached XP level 15. HP: 80/80 MP: 27/27
 33737 | D:15     | Entered Level 15 of the Dungeon
 33789 | D:15     | Learned a level 2 spell: Blink
 33836 | D:15     | Reached skill level 10 in Fighting
 34212 | D:15     | Found a staircase to the Depths.
 34616 | D:15     | Reached skill level 10 in Slings
 35008 | Orc:1    | Entered Level 1 of the Orcish Mines
 35383 | Orc:2    | Entered Level 2 of the Orcish Mines
 35408 | Orc:2    | Found Ocuagap's Jewellery Boutique.
 35759 | Orc:2    | Reached skill level 20 in Stealth
 36914 | Orc:2    | Reached skill level 10 in Spellcasting
 37276 | Orc:2    | Found Lumah's Assorted Antiques.
 37276 | Orc:2    | Found Nuthraud's Jewellery Shop.
 37737 | Orc:2    | Found a roughly hewn altar of Beogh.
 37897 | Orc:2    | Found a staircase to the Elven Halls.
 38845 | Orc:2    | Found Yrchuhi's Assorted Antiques.
 38845 | Orc:2    | Found Zieclye's Distillery.
 39134 | Lair:2   | Upgraded the game from 0.23.0 to 0.23.0-3-gf3c87f2df8
 39138 | Snake:1  | Entered Level 1 of the Snake Pit
 40843 | Snake:1  | Reached XP level 16. HP: 85/85 MP: 31/31
 41104 | Snake:2  | Reached skill level 21 in Stealth
 41534 | Snake:2  | Reached skill level 1 in Evocations
 42075 | Snake:2  | Reached skill level 1 in Conjurations
 43044 | Snake:1  | Reached skill level 1 in Translocations
 44949 | Snake:4  | Entered Level 4 of the Snake Pit
 46142 | Snake:4  | Reached skill level 5 in Translocations
 46982 | Snake:4  | Reached skill level 22 in Stealth
 46982 | Snake:4  | Reached XP level 17. HP: 85/91 MP: 32/32
 49747 | Snake:4  | Reached skill level 1 in Ice Magic
 51022 | Snake:4  | Got a serpentine rune of Zot
 51193 | Shoals:1 | Entered Level 1 of the Shoals
 51334 | Shoals:1 | Noticed a kraken
 52265 | Orc:2    | Bought a scroll labeled SIVI MIBLUNK for 27 gold pieces
 52265 | Orc:2    | Bought a scroll of identify for 54 gold pieces
 52367 | D:11     | Upgraded the game from 0.23.0-3-gf3c87f2df8 to
                  | 0.23.0-28-g6fe0f4dc8b
 52731 | Lair:5   | Killed Ypehuijo's ghost
 53024 | Lair:6   | Killed tidbits's ghost
 53540 | Shoals:1 | Reached skill level 1 in Armour
 53540 | Shoals:1 | Reached skill level 23 in Stealth
 53747 | Shoals:2 | Got a faintly glowing hat
 53939 | Shoals:1 | Identified the -4 hat "Uzush" {MR+ Regen+} (You found it on
                  | level 2 of the Shoals)
 54044 | Shoals:2 | Found a frozen archway.
 56485 | Shoals:3 | Reached XP level 18. HP: 98/98 MP: 33/33
 56527 | Shoals:3 | Noticed Louise
 56579 | Shoals:3 | Killed Louise
 57746 | Shoals:4 | Entered Level 4 of the Shoals
 59432 | Shoals:4 | Found a runed translucent door.
 59446 | Shoals:4 | Got a barnacled rune of Zot
 59488 | Shoals:4 | Noticed Fliddo's ghost (adept DDFi)
 59520 | Shoals:4 | Reached skill level 5 in Armour
 60539 | Shoals:4 | Identified the Grimoire of Mutagenic Confrontation
 60558 | Shoals:4 | Learned a level 2 spell: Passwall
 60927 | Vaults:1 | Entered Level 1 of the Vaults
 61370 | Vaults:1 | Learned a level 4 spell: Summon Lightning Spire
 62175 | Vaults:1 | Found Rytun's Antique Armour Boutique.
 62187 | Vaults:1 | Found a portal to a secret trove of treasure.
 64219 | Vaults:2 | Reached XP level 19. HP: 104/104 MP: 35/35
 64685 | Vaults:2 | Reached skill level 24 in Stealth
 65821 | Vaults:2 | Noticed Sojobo
 65828 | Vaults:2 | HP: 4/104 [Sojobo/the air (26)]
 66330 | Vaults:2 | Killed Sojobo
 69269 | D:11     | Bought a scroll of enchant armour for 165 gold pieces
 69269 | D:11     | Bought a potion of curing for 66 gold pieces
 69269 | D:11     | Bought a scroll of fog for 44 gold pieces
 69388 | Vaults:1 | You paid a toll of +4 ice dragon scales to enter a treasure
                  | trove
 69389 | Trove    | Entered a treasure trove
 69406 | Trove    | Got a pitted jade ring
 69407 | Trove    | Identified the ring "Wib Orph" {Fire rPois} (You found it
                  | in a treasure trove)
 69416 | Trove    | Got a slimy glass ring
 69417 | Trove    | Identified the ring of Hotegh {+Fly MR+ Int+2 Stlth+} (You
                  | found it in a treasure trove)
 69422 | Trove    | Got a smoking sapphire amulet
 69425 | Trove    | Identified the amulet of Gism {Faith Str+3} (You found it
                  | in a treasure trove)
 69432 | Trove    | Got a sparkling bone ring
 69456 | Trove    | Identified the ring of Knowledge {rN+ Dex+5} (You found it
                  | in a treasure trove)
 69463 | Trove    | Got a warped glass ring
 69464 | Trove    | Identified the ring of Cudugios {Fire *Slow MR- SInv
                  | Stlth+} (You found it in a treasure trove)
 69468 | Trove    | Got a flickering tin ring
 69469 | Trove    | Identified the ring of Qohul {+Inv rPois Str+4 Dex-5
                  | Stlth+} (You found it in a treasure trove)
 70348 | Vaults:3 | Found a staircase to the Crypt.
 70518 | Vaults:3 | Upgraded the game from 0.23.0-28-g6fe0f4dc8b to
                  | 0.23.0-33-g5e6c059fef
 71759 | Vaults:4 | Reached XP level 20. HP: 110/110 MP: 37/37
 73476 | Vaults:4 | Noticed Frederick
 74664 | Vaults:3 | Learned a level 5 spell: Silence
 75193 | Vaults:3 | Killed Frederick
 75697 | Vaults:3 | Found a staircase to the Crypt.
 77174 | Depths:1 | Entered Level 1 of the Depths
 77747 | D:15     | Reached skill level 1 in Air Magic
 78709 | D:15     | Found a staircase to the Depths.
 81248 | Depths:1 | Found Deumn's Magic Scroll Boutique.
 81252 | Depths:1 | Found Emileihe's Distillery.
 81257 | Depths:1 | Found Bugos's Jewellery Boutique.
 81260 | Depths:1 | Found Qotrak's Assorted Antiques.
 81268 | Depths:1 | Found a one-way gate to the infinite horrors of the Abyss.
 81462 | Depths:1 | Reached skill level 1 in Summonings
 81722 | Depths:1 | Bought a scroll of teleportation for 48 gold pieces
 81722 | Depths:1 | Bought a scroll of enchant weapon for 120 gold pieces
 81727 | Depths:1 | Bought a potion of heal wounds for 55 gold pieces
 81727 | Depths:1 | Bought a potion of heal wounds for 55 gold pieces
 81727 | Depths:1 | Bought a potion of curing for 33 gold pieces
 81737 | Depths:1 | Bought a scroll of blinking for 285 gold pieces
 81752 | Depths:1 | Found a gateway to Hell.
 81967 | Depths:1 | Found a gateway to a ziggurat.
 83319 | Depths:2 | Reached skill level 25 in Stealth
 83810 | Depths:2 | Found a runed translucent door.
 84232 | Depths:2 | Reached XP level 21. HP: 101/116 MP: 38/38
 85773 | Depths:2 | Got a faintly glowing fustibalus
 85774 | Depths:2 | Identified the +6 fustibalus "Kuvaq" {venom, rPois rF+++
                  | MR- Int+3} (You found it on level 2 of the Depths)
 85985 | Depths:2 | Noticed a golden dragon
 86037 | Depths:2 | Identified the amulet of Garued {Harm *Drain rC+ rN+ Str-5
                  | SInv}
 87614 | Depths:3 | Found Fyhucage's Antique Weapon Shop.
 89334 | Depths:3 | Noticed a caustic shrike
 89336 | Depths:3 | Killed a caustic shrike
 89336 | Depths:3 | Reached skill level 15 in Fighting
 89612 | Depths:3 | Reached skill level 5 in Summonings
 89843 | Depths:3 | Reached skill level 10 in Armour
 89850 | Depths:3 | Noticed a golden dragon
 89852 | Depths:3 | Killed a golden dragon
 89863 | Depths:3 | Reached skill level 5 in Air Magic
 89968 | Depths:3 | Noticed a juggernaut
 90130 | Depths:3 | Reached XP level 22. HP: 122/122 MP: 39/39
 90413 | Depths:3 | Mangled by a white very ugly thing

Skill      XL: |  1  2  3  4  5  6  7  8  9 10 11 12 13 14 15 16 17 18 19 20 21 22 |
---------------+-------------------------------------------------------------------+-----
Stealth        | 5 6 7 8 10 12 15 17 19 20 22 23 24 25 | 25.6
Short Blades   | 2 3 4 5 7 9 10 11 12 13 | 13.3
Shields        | 1 2 3 5 6 7 |  7.2
Hexes          | 5 8 9 10 11 13 | 13.6
Spellcasting   | 4 6 7 10 11 12 | 12.0
Fighting       | 3 4 6 8 9 10 11 12 13 14 15 | 15.4
Dodging        | 8 10 12 13 15 17 18 19 20 21 | 21.4
Slings         | 4 8 11 12 | 12.0
Evocations     | 2 |  2.7
Conjurations   | 3 |  3.0
Translocations | 5 |  5.0
Ice Magic      | 3 |  3.0
Armour         | 3 6 7 9 10 | 10.1
Air Magic      | 3 5 |  5.3
Summonings     | 2 5 6 |  6.1

Action                   |  1- 3 |  4- 6 |  7- 9 | 10-12 | 13-15 | 16-18 | 19-21 | 22-24 || total
-------------------------+-------+-------+-------+-------+-------+-------+-------+-------++-------
Melee: Dagger            |   143 |   222 |   452 |   867 |  2489 |  2586 |  2155 |       ||  8914
       Hunting sling     |       |       |       |       |     1 |       |       |       ||     1
       Rapier            |       |       |       |       |       |   100 |   431 |       ||   531
       Quick blade       |       |       |       |       |       |       |   102 |   124 ||   226
 Fire: Hunting sling     |       |       |       |    18 |    49 |    50 |    49 |       ||   166
       Fustibalus        |       |       |       |       |       |       |     2 |       ||     2
Throw: Tomahawk          |       |       |     1 |     1 |       |       |     2 |       ||     4
 Cast: Corona            |     2 |       |       |       |       |       |       |       ||     2
       Ensorcelled Hiber |    15 |     2 |    18 |    34 |    36 |    25 |    15 |       ||   145
       Confusing Touch   |       |    22 |    49 |   100 |   199 |   358 |   362 |    12 ||  1102
       Confuse           |       |       |     8 |    16 |    28 |     3 |    10 |       ||    65
       Tukima's Dance    |       |       |     2 |    19 |    13 |       |       |       ||    34
       Dazzling Spray    |       |       |       |     1 |       |     1 |       |       ||     2
       Blink             |       |       |       |       |       |     3 |       |       ||     3
       Silence           |       |       |       |       |       |       |     1 |       ||     1
Invok: Lunge             |       |       |     6 |   124 |   259 |   250 |   180 |     4 ||   823
       Whirlwind         |       |       |       |    27 |   137 |   171 |   159 |     6 ||   500
       Serpent's Lash    |       |       |       |       |       |     1 |       |       ||     1
       Heavenly Storm    |       |       |       |       |       |     1 |       |       ||     1
 Abil: Wall Jump         |       |       |       |       |     2 |       |       |       ||     2
Evoke: Wand              |       |       |       |       |       |     3 |     1 |       ||     4
       Lamp of fire      |       |       |       |       |       |     1 |       |       ||     1
  Use: Scroll            |     1 |     5 |     6 |    12 |    10 |    19 |    21 |       ||    74
       Potion            |       |       |       |       |     1 |     4 |     3 |       ||     8
 Stab: Sleeping          |    19 |    14 |    20 |    70 |    97 |    77 |    83 |     1 ||   381
       Distracted        |     1 |     1 |     1 |       |    12 |     2 |     7 |       ||    24
       Confused          |       |    16 |    46 |    98 |   206 |   339 |   313 |    17 ||  1035
  Eat: Ration            |       |     2 |     4 |     8 |    11 |    14 |    15 |     1 ||    55
Armor: Robe              |    19 |     9 |    13 |       |       |       |       |       ||    41
       Steam dragon scal |       |       |       |    44 |   101 |   160 |   233 |     5 ||   543
Dodge: Dodged            |   115 |   123 |   163 |   311 |   819 |  1203 |  1349 |    23 ||  4106
Block: Buckler           |    41 |    43 |   103 |   152 |   550 |   732 |   721 |    10 ||  2352
       Reflection        |       |       |       |       |    21 |    87 |    34 |       ||   142
